Map: Lerilak Crest

Players

KriMiNaL - Winner!

  • Race: Terran Terran
  • League: Diamond

LilDicky

  • Race: Terran Terran
  • League: Diamond

VOD

http://www.twitch.tv/tumescentpie

Description

Time

  • Played on: Dec. 5, 2015, 11:27 p.m.
  • Length: 12:56
Show
View Real Time Build Order
Export as new Build Order

KriMiNaL Terran - Winner!

Build Orders:  

Get SALT Encoding   

  12  0:01  SCV  
  13  0:13  SCV  
  14  0:18  Supply Depot  
  14  0:25  SCV  
  15  0:30  Refinery  
  15  0:39  SCV  
  16  0:46  Barracks  
  16  0:51  SCV  
  17  1:03  SCV  
  18  1:15  SCV  
  19  1:20  Supply Depot  
  19  1:28  SCV  
  20  1:34  Reaper  
  21  1:40  Orbital Command  
  21  1:56  Factory, Refinery  
  21  2:06  SCV  
  22  2:08  Reaper  
  23  2:18  SCV  
  23  2:19  Supply Depot  
  24  2:31  SCV  
  25  2:40  Reaper  
  25  2:43  SCV, Hellion  
  29  2:49  Starport  
  29  2:55  SCV  
  30  3:01  Supply Depot  
  30  3:05  Hellion  
  32  3:06  Engineering Bay  
  32  3:07  SCV  
  33  3:14  Reaper  
  33  3:19  SCV  
  35  3:26  Hellion, Medivac  
  39  3:30  Supply Depot  
  39  3:36  Missile Turret  
  39  3:38  SCV  
  40  3:46  Barracks Reactor  
  40  3:48  Factory Tech Lab  
  40  3:50  SCV  
  41  4:04  Medivac  
  43  4:11  SCV  
  44  4:18  Command Center  
  43  4:29  Marine x2  
  43  4:30  SCV  
  46  4:42  SCV  
  46  4:44  Viking  
  42  4:47  Marine x2  
  40  4:54  SCV  
  40  4:56  Supply Depot  
  41  5:04  Marine  
  41  5:05  Marine  
  41  5:06  SCV, Siege Tank  
  47  5:19  SCV  
  46  5:22  Marine x2  
  47  5:31  SCV  
  44  5:43  SCV  
  44  5:47  Command Center  
  44  5:49  Marine  
  45  5:50  Marine  
  45  5:52  Starport Tech Lab  
  45  5:55  SCV  
  48  6:07  SCV  
  48  6:10  Marine x2  
  50  6:19  SCV  
  48  6:48  Raven  
  48  6:49  SCV  
  48  6:52  Marine x2  
  53  6:57  Siege Tank, Barracks  
  53  6:58  Barracks  
  53  7:01  SCV  
  57  7:12  Marine x2  
  59  7:17  Missile Turret  
  59  7:29  Siege Tank  
  61  7:31  Raven  
  61  7:46  Marine x3  
  61  7:50  Barracks Tech Lab  
  64  7:51  Orbital Command  
  61  8:10  Marine  
  61  8:11  Marine  
  63  8:17  Marine  
  63  8:18  Orbital Command, Marine  
  65  8:21  Medivac  
  65  8:26  SCV  
  68  8:28  Marine  
  68  8:29  Marine  
  70  8:36  Marauder  
  70  8:38  Orbital Command  
  72  8:48  SCV  
  73  8:49  SCV  
  74  9:00  SCV  
  74  9:02  Marine  
  76  9:09  Barracks Reactor, Missile Turret  
  76  9:12  Stimpack  
  79  9:31  SCV  
  79  9:33  Refinery  
  79  9:35  Refinery  
  79  9:37  Missile Turret  
  77  9:43  SCV  
  77  9:44  SCV, Siege Tank  
  82  9:47  SCV  
  83  9:53  Refinery  
  83  9:56  Supply Depot  
  83  9:57  Supply Depot  
  83  9:58  Marine  
  83  9:59  SCV  
  85  10:18  Marauder, SCV x3, Medivac x2, Marine x3  
  97  10:22  Missile Turret  
  97  10:23  Missile Turret  
  97  10:30  SCV  
  98  10:36  Marauder, Marine  
  101  10:49  Supply Depot  
  101  10:58  Combat Shields  
  101  11:01  Supply Depot  
  101  11:04  Supply Depot  
  101  11:10  Medivac x2, Siege Tank, Marine  
  109  11:18  Supply Depot  
  109  11:20  Supply Depot  
  109  11:23  SCV x2, Marauder x2, Marine  
  115  11:28  Marine  
  116  11:35  SCV  
  116  11:36  SCV x2  
  119  11:40  Marine  
  119  11:42  Siege Tank  
  119  11:44  Marauder x2  
  127  11:47  SCV  
  128  12:06  Marauder  
  128  12:15  Siege Tank  
  127  12:26  SCV  
  127  12:27  Marine  
  127  12:28  Marauder  
  128  12:33  Missile Turret  
Show
View Real Time Build Order
Export as new Build Order

LilDicky Terran 

Build Orders: Banshee Rush 

Get SALT Encoding   

  12  0:02  SCV  
  13  0:14  SCV  
  14  0:21  Supply Depot  
  14  0:26  SCV  
  15  0:31  Refinery  
  15  0:43  SCV  
  16  0:50  Barracks  
  16  0:55  SCV  
  17  1:07  SCV  
  18  1:19  SCV  
  19  1:31  SCV  
  20  1:37  Reaper  
  21  1:41  Supply Depot  
  21  1:43  Orbital Command  
  21  1:47  Refinery  
  21  1:56  Factory  
  21  2:09  SCV  
  22  2:24  Marine  
  23  2:30  SCV  
  24  2:51  Marine  
  27  2:53  Starport  
  27  2:54  SCV  
  26  3:03  Factory Tech Lab  
  26  3:05  Supply Depot  
  26  3:06  SCV  
  26  3:08  Marine  
  28  3:20  SCV  
  29  3:27  Engineering Bay  
  29  3:31  Widow Mine  
  29  3:32  SCV  
  32  3:35  Supply Depot  
  32  3:36  Banshee  
  32  3:37  Cloaking Field  
  32  3:41  Marine  
  36  3:49  SCV  
  37  3:58  Marine  
  37  4:00  Missile Turret  
  37  4:01  Factory Tech Lab  
  38  4:03  Supply Depot  
  38  4:09  SCV  
  39  4:19  Banshee  
  39  4:21  SCV  
  17  4:53  SCV  
  17  4:59  Command Center  
  18  5:06  SCV  
  18  5:07  Banshee  
  22  5:18  SCV  
  23  5:31  SCV  
  23  5:34  Siege Tank  
  21  5:43  SCV  
  21  5:48  Marine  
  23  5:52  Banshee  
  23  5:55  SCV  
  27  6:06  Siege Tank  
  27  6:07  SCV  
  31  6:19  SCV  
  31  6:22  Orbital Command  
  32  6:38  Siege Tank  
  35  6:41  Banshee  
  38  6:50  SCV  
  38  6:54  Orbital Command  
  36  7:01  Supply Depot  
  36  7:02  SCV  
  37  7:15  SCV  
  38  7:17  Refinery  
  35  7:45  Siege Tank  
  35  7:47  Marine  
  35  7:48  Viking  
  38  8:05  Marine  
  29  8:09  SCV x2  
  32  8:19  Factory  
  32  8:21  SCV x2  
  32  8:25  Starport Reactor  
  34  8:29  Marine  
  34  8:33  SCV x2  
  37  8:45  SCV x2  
  37  8:47  Supply Depot, Refinery  
  39  8:48  Siege Tank  
  39  8:53  Marine  
  43  8:57  SCV x2  
  45  9:05  Missile Turret  
  45  9:11  Viking x2  
  46  9:33  SCV  
  46  9:34  Siege Tank x2  
  46  9:35  SCV  
  55  9:45  SCV  
  55  9:47  SCV, Missile Turret  
  56  9:57  SCV, Viking  
  56  9:58  Viking  
  60  10:08  SCV  
  61  10:17  Command Center  
  61  10:19  SCV  
  62  10:31  SCV  
  62  10:32  Siege Tank x2  
  62  10:35  Viking  
  71  10:46  SCV, Missile Turret  
  71  10:47  SCV  
  73  10:58  SCV  
  73  10:59  SCV  
  73  11:01  Armory x2  
  75  11:05  Viking, Missile Turret  
  75  11:10  SCV  
  78  11:16  SCV  
  79  11:21  Missile Turret  
  79  11:22  SCV  
  80  11:33  Planetary Fortress  
  80  11:36  SCV  
  80  11:37  SCV, Missile Turret  
  80  11:39  Siege Tank  
  85  11:40  Siege Tank  
  88  11:49  SCV  
  88  12:05  Viking  
Tags
 
Add a new tag
Caveats
  • Supply blocks, unpowered buildings, or Contaminate may cause inaccurate times.
  • Supply counts are checked every 10 seconds.